 Dungeon Crawl Stone Soup version 0.29-a0-495-g17b79114eb (webtiles) character file.

Game seed: 5548848429014681649

467 Zdeegee the Gusty (level 6, 0/48 HPs)
             Began as a Draconian Air Elementalist on May 27, 2022.
             Slain by Duvessa
             ... wielding a +0 short sword of flaming
              (2 damage)
             ... on level 5 of the Dungeon.
             The game lasted 00:09:27 (5588 turns).

Zdeegee the Gusty (Draconian Air Elementalist)      Turns: 5588, Time: 00:09:28

Health: 0/48       AC:  6    Str: 10    XL:     6   Next: 81%
Magic:  1/11       EV: 12    Int: 17    God:
Gold:   125        SH:  0    Dex: 12    Spells: 2/12 levels left

rFire   . . .      SeeInvis .   l - +0 short sword (flame)
rCold   . . .      Faith    .   (no shield)
rNeg    . . .      Spirit   .   (body armour unavailable)
rPois   .          Reflect  .   (helmet restricted)
rElec   .          Harm     .   (no cloak)
rCorr   .          Rampage  .   (no gloves)
Will    .....                   (no boots)
Stlth   ++........              (no amulet)
HPRegen 0.16/turn               (no ring)
MPRegen 0.12/turn               (no ring)

@: no status effects
A: AC +6, unfitting armour, cold-blooded
a: no special abilities


You were on level 5 of the Dungeon.
You visited 1 branch of the dungeon, and saw 5 of its levels.

You collected 181 gold pieces.
You spent 56 gold pieces at shops.

Inventory:

Hand Weapons
 c - a +0 dagger
 i - the +7 spear "Giecsyqu" {vorpal, rPois rF++ Int-3}
   (You found it on level 2 of the Dungeon)

   It inflicts extra damage upon your enemies.
   Int:       It affects your intelligence (-3).
   rF:        It greatly protects you from fire.
   rPois:     It protects you from poison.
 l - a +0 short sword of flaming (weapon)
 m - a +3 dagger of pain
Missiles
 h - 3 poisoned darts
Wands
 e - a wand of acid (8)
Scrolls
 b - a scroll of enchant weapon {unknown}
 f - a scroll of noise {unknown}
 j - a scroll of teleportation {unknown}
 n - a scroll of silence
 o - a scroll of immolation {unknown}
 p - a scroll of fog
Potions
 a - a potion of magic
 d - a potion of attraction
 g - 2 potions of curing
 k - a potion of mutation
 q - a potion of heal wounds


   Skills:
 * Level 2.0 Fighting
 + Level 0.4 Short Blades
 * Level 2.5 Dodging
 + Level 2.1 Stealth
 * Level 3.5 Spellcasting
 * Level 3.2 Conjurations
 * Level 1.2 Translocations
 * Level 4.6 Air Magic
 + Level 1.0 Evocations


You had 2 spell levels left.
You knew the following spells:

 Your Spells              Type           Power      Damage    Failure   Level
a - Shock                 Conj/Air       64%        1d7       3%          1
b - Static Discharge      Conj/Air       16%        N/A       4%          2
c - Swiftness             Air            18%        N/A       8%          3
d - Airstrike             Air            9%         N/A       24%         4

Your spell library contained the following spells:

 Spells                   Type           Power      Damage    Failure   Level
 Summon Small Mammal      Summ           12%        N/A       17%         1
 Gell's Gravitas          Tloc           7%         N/A       30%         3
 Teleport Other           Tloc           7%         N/A       30%         3
 Call Canine Familiar     Summ           3%         N/A       45%         3
 Confusing Touch          Hex            3%         N/A       45%         3
 Summon Guardian Golem    Hex/Summ       3%         N/A       45%         3
 Yara's Violent Unravell  Hex/Tmut       1%         3d3       99%         5
 Dispersal                Tloc           3%         N/A       100%        6
 Enfeeble                 Hex            1%         N/A       100%        7


Dungeon Overview and Level Annotations

Branches:
Dungeon (5/15)
 Temple: D:4-7

Altars:
Ashenzari
Elyvilon
Makhleb
Yredelemnul

Shops:
D:4 ?

Annotations:
D:5 Dowan, Duvessa


Innate Abilities, Weirdness & Mutations

Your plain brown scales are hard. (AC +6)
You cannot fit into any form of body armour.
You are cold-blooded and may be slowed by cold attacks.


Message History

Duvessa is struck by an arc of lightning!
Duvessa is moderately wounded.
You are struck by an arc of lightning.
The lightning grounds out.
Duvessa hits you with a +0 short sword of flaming.
Duvessa burns you.
Casting: Static Discharge (safe; 4% risk of failure)
Confirm with . or Enter, or press ? or * to list all spells.
Dowan is struck by an arc of lightning.
Dowan is lightly wounded.
You are struck by an arc of lightning.
The lightning grounds out.
Dowan barely misses you. Duvessa barely misses you.
Unknown command.
Casting: Static Discharge (safe; 4% risk of failure)
Confirm with . or Enter, or press ? or * to list all spells.
Duvessa is struck by an arc of lightning!
Duvessa is heavily wounded.
You are struck by an arc of lightning.
The lightning grounds out.
Dowan gestures at you while chanting. The puff of frost hits you!
Duvessa hits you with a +0 short sword of flaming.
Duvessa burns you.
Casting: Static Discharge (safe; 4% risk of failure)
Confirm with . or Enter, or press ? or * to list all spells.
Dowan is struck by an arc of lightning!
Dowan is heavily wounded.
You are struck by an arc of lightning.
The lightning grounds out.
Dowan barely misses you. Duvessa closely misses you.
Unknown command.
Casting: Static Discharge (safe; 4% risk of failure)
Confirm with . or Enter, or press ? or * to list all spells.
Dowan is struck by an arc of lightning!
Dowan is almost dead.
You are struck by an arc of lightning.
The lightning grounds out.
Dowan gestures at you while chanting. The puff of frost hits you.
* * * LOW HITPOINT WARNING * * *
Duvessa hits you with a +0 short sword of flaming!
* * * LOW HITPOINT WARNING * * *
Duvessa burns you.
You die...

.... .....##..###.....
......####......##.....
##.....###.......##.....
.....................##. ..
....#.#.............# # #.#
#..#...............## # #..
##.....#.............#
#.#?.##...#.e..............#
...........@.##...........#
##..#..#.#e.##..#.......##
##........##..##.......##
##....##......##.........##
..##........##.####.#.......##
..........#......>.(.#.......##
..................#####........
...##......###.##)####.<.....##
.e #...#..........))........#.


You could see Duvessa and Dowan.

Vanquished Creatures
  A black bear (D:4)
  A phantom (D:5)
  A scorpion (D:3)
  A gnoll shaman (D:5)
  2 iguanas
  Jessica (D:3)
  5 gnolls
  5 adders
  A worm (D:2)
  A dart slug (D:4)
  10 ball pythons
  6 endoplasms
  4 goblins
  9 hobgoblins
  2 quokkas
  3 bats
  2 frilled lizards (D:2)
  2 kobolds
  2 rats (D:3)
59 creatures vanquished.

Notes
Turn   | Place    | Note
-------+----------+-------------------------------------------
     0 | D:1      | Zdeegee the Draconian Air Elementalist began the quest for
                  | the Orb.
     0 | D:1      | Reached XP level 1. HP: 14/14 MP: 3/3
   183 | D:1      | Found a faded altar of an unknown god.
   449 | D:1      | Reached XP level 2. HP: 20/20 MP: 1/5
   943 | D:2      | Learned a level 2 spell: Static Discharge
  1469 | D:2      | Reached XP level 3. HP: 26/26 MP: 0/6
  1628 | D:2      | Learned a level 3 spell: Swiftness
  2254 | D:2      | Identified the +7 spear "Giecsyqu" {vorpal, rPois rF++
                  | Int-3}
  2395 | D:3      | Found a basalt altar of Yredelemnul.
  2579 | D:3      | Reached skill level 1 in Fighting
  2707 | D:3      | Noticed a scorpion
  2729 | D:3      | Killed a scorpion
  2730 | D:3      | Reached skill level 4 in Air Magic
  2730 | D:3      | Reached XP level 4. HP: 14/35 MP: 0/7
  2937 | D:3      | Found a white marble altar of Elyvilon.
  3019 | D:3      | Noticed Jessica
  3028 | D:3      | Killed Jessica
  3029 | D:3      | Reached XP level 5. HP: 39/40 MP: 0/9
  3515 | D:4      | Found a broken altar of Ashenzari.
  3766 | D:4      | Found Ojueseh's Magic Scroll Shop.
  3772 | D:4      | Bought a scroll of fog for 28 gold pieces
  3772 | D:4      | Bought a scroll of identify for 28 gold pieces
  3791 | D:4      | Reached skill level 1 in Evocations
  4059 | D:4      | Found a burning altar of Makhleb.
  4217 | D:4      | Noticed a black bear
  4226 | D:4      | Killed a black bear
  4227 | D:4      | Reached XP level 6. HP: 39/48 MP: 1/10
  4432 | D:5      | Entered Level 5 of the Dungeon
  5083 | D:5      | Reached skill level 1 in Translocations
  5190 | D:5      | Learned a level 4 spell: Airstrike
  5198 | D:5      | Noticed Dowan
  5199 | D:5      | Noticed Duvessa
  5588 | D:5      | HP: 2/48 [Duvessa/+0 short sword of flaming (8)]
  5588 | D:5      | Slain by Duvessa

Illustrated notes

Levels and vault maps discovered:
D:1:      scummos_arrival_hexagon, layout_loops_cross,
          shapermc_ecumenical_altar_petra, hangedman_decor_clover_reticule
D:2:      minmay_alternating_diamond, layout_basic
D:3:      layout_basic, elyvilon_altar_4, general_overflow_altar,
          bh_walls_and_bars, uniq_jessica
D:4:      layout_gridville, nicolae_overflow_crystal_walls, ashenzari_altar_1,
          serial_shops, shop_statue
D:5:      layout_rooms, old_standard_altar, nicolae_ru_sacrificial_ziggurat,
          nrook_pool_corridor, uniq_grinder, uniq_duvessa

Skill      XL: |  1  2  3  4  5  6 |
---------------+-------------------+-----
Dodging        | 2 |  2.5
Fighting       | 1 2 |  2.0
Stealth        | 2 |  2.1
Conjurations   | 2 3 |  3.2
Air Magic      | 4 |  4.6
Evocations     | 1 |  1.0
Spellcasting   | 3 |  3.5
Translocations | 1 |  1.2
Short Blades   | |  0.4

Action                   |  1- 3 |  4- 6 || total
-------------------------+-------+-------++-------
Melee: Dagger            |    19 |     1 ||    20
       Punch             |     1 |       ||     1
       Tailslap          |     4 |       ||     4
       Short sword       |       |     3 ||     3
 Cast: Shock             |    78 |    64 ||   142
       Static Discharge  |     5 |    29 ||    34
       Swiftness         |       |     1 ||     1
  Use: Potion            |     2 |       ||     2
       Scroll            |       |     4 ||     4
Armor: Skin              |     5 |    12 ||    17
Dodge: Dodged            |    14 |    39 ||    53

Table legend: (Time is in decaauts)
 A = Elapsed time spent in this place.
 B = Non-inter-level travel time spent in this place.
 C = Inter-level travel time spent in this place.
 D = Time resting spent in this place.
 E = Time spent auto-exploring this place.
 F = Levels seen in this place.
 G = Mean time per level.
                   A        B        C        D        E       F      G
               +--------+--------+--------+--------+--------+-----+--------+
         Total |   5590 |   5410 |    180 |   1284 |   3478 |   5 | 1118.0 |
       Dungeon |   5590 |   5410 |    180 |   1284 |   3478 |   5 | 1118.0 |
               +--------+--------+--------+--------+--------+-----+--------+

Top non-repeatable levels by time:
     D:4: 1720 daAuts
     D:2: 1569 daAuts
     D:1: 976 daAuts
     D:3: 968 daAuts
     D:5: 355 daAuts
